 Dungeon Crawl Stone Soup version 0.25-a0-503-ge281fa673e (webtiles) character file.

Game seed: 4818909128140760755, levelgen mode: deterministic

6475 Esekla the Thaumaturge (level 10, -2/50 HPs)
             Began as a Deep Elf Wizard on Feb 13, 2020.
             Was a Priest of Vehumet.
             Slain by a large slime creature (36 damage)
             ... on level 10 of the Dungeon on Feb 14, 2020.
             The game lasted 01:35:24 (10949 turns).

Esekla the Thaumaturge (Deep Elf Wizard)           Turns: 10949, Time: 01:35:25

Health: -2/50      AC:  6    Str:  7    XL:     10   Next: 68%
Magic:  23/28      EV: 15    Int: 27    God:    Vehumet [***...]
Gold:   286        SH:  0    Dex: 13    Spells: 10/33 levels left

rFire    . . .     SeeInvis .   v - +1 dagger (venom)
rCold    . . .     Gourm    .   (no shield)
rNeg     . . .     Faith    .   R - +1 robe {MR+}
rPois    .         Spirit   .   b - +0 hat
rElec    .         Reflect  .   E - +0 cloak
rCorr    .         Harm     .   H - +0 pair of gloves
MR       ++...                  N - +0 pair of boots
Stlth    ++........             q - amulet of magic regeneration
HPRegen  0.16/turn              n - +3 ring of intelligence
MPRegen  0.46/turn              (no ring)

@: no status effects
A: no striking features
a: Renounce Religion


You were on level 10 of the Dungeon.
You worshipped Vehumet.
Vehumet was most pleased with you.
You were very hungry.

You visited 2 branches of the dungeon, and saw 11 of its levels.

You collected 546 gold pieces.
You spent 260 gold pieces at shops.

Inventory:

Hand Weapons
 d - a +3 dagger
 h - a +1 dagger of holy wrath
 v - a +1 dagger of venom (weapon)
 w - a +0 falchion
 D - the +8 mace "Kuxzawus" {vamp, *Corrode MR+ Dex+8}
   (You found it on level 5 of the Dungeon)

   It inflicts no extra harm, but heals its wielder when it wounds a living foe.
   It affects your dexterity (+8).
   It affects your resistance to hostile enchantments.
   It may corrode you when you take damage.
Missiles
 j - 10 silver boomerangs
 r - 8 boomerangs
 s - 32 poisoned darts (quivered)
Armour
 b - a +0 hat (worn)
 A - the +0 chain mail "Ostao" {rPois Slay+3}
   (You found it on level 4 of the Dungeon)

   It affects your accuracy and damage with ranged weapons and melee attacks
   (+3).
   It protects you from poison.
   If you switch to wearing this armour, your AC will increase by 6 (6 -> 12).
 E - a +0 cloak (worn)
 H - a +0 pair of gloves (worn)
 N - a +0 pair of boots (worn)
 R - a +1 robe of magic resistance (worn)
 T - a +2 leather armour of magic resistance
Jewellery
 n - a +3 ring of intelligence (left hand)
 q - an amulet of magic regeneration (around neck)
 u - the ring "Maivyith" {rF+ MR+ Str-5 Int+4}
   (You found it on level 4 of the Dungeon)

   [ring of protection from fire]

   It affects your strength (-5).
   It affects your intelligence (+4).
   It protects you from fire.
   It affects your resistance to hostile enchantments.
 x - an uncursed amulet of the gourmand
Wands
 t - a wand of acid (7)
 I - a wand of disintegration (17)
 M - a wand of random effects (19)
 Q - a wand of flame (14)
Scrolls
 c - 5 scrolls of remove curse
 f - 2 scrolls of amnesia {unknown}
 i - 4 scrolls of teleportation {unknown}
 k - 2 scrolls of noise {unknown}
 l - 2 scrolls of vulnerability {unknown}
 o - 2 scrolls of fog {unknown}
 p - 2 scrolls of enchant weapon {unknown}
 C - 4 scrolls of enchant armour {unknown}
 G - a scroll of blinking {unknown}
 L - a scroll of identify
 P - a scroll of immolation {unknown}
Potions
 a - 2 potions of berserk rage
 e - a potion of might
 g - a potion of resistance
 m - a potion of magic
 z - a potion of mutation
 B - 2 potions of agility
 F - a potion of cancellation
 J - 2 potions of curing
 K - a potion of haste
 O - a potion of lignification {unknown}
Comestibles
 y - 16 rations
 S - 3 chunks of flesh


   Skills:
 * Level 4.8 Short Blades
 + Level 2.0 Armour
 * Level 6.1 Dodging
 - Level 3.6 Stealth
 * Level 12.2 Spellcasting
 + Level 5.1 Conjurations
 * Level 5.2 Hexes
   Level 1.1 Summonings
 + Level 3.6 Translocations
 * Level 4.5 Fire Magic
 * Level 4.8 Air Magic
 * Level 5.9 Poison Magic


You had 10 spell levels left.
You knew the following spells:

 Your Spells              Type           Power        Failure   Level  Hunger
a - Magic Dart            Conj           ####         1%          1    None
b - Blink                 Tloc           N/A          1%          2    None
c - Mephitic Cloud        Conj/Pois/Air  #####...     1%          3    None
d - Dazzling Flash        Conj/Hex       #####.       1%          3    None
e - Searing Ray           Conj           #####.       1%          2    None
f - Conjure Flame         Conj/Fire      #####...     1%          3    None
g - Apportation           Tloc           #####.       1%          1    None
h - Hailstorm             Conj/Ice       ####....     3%          4    None
i - Corona                Hex            #####..      1%          1    None
v - Vampiric Draining     Necr           ###.......   11%         3    None

Your spell library contained the following spells:

 Spells                   Type           Power        Failure   Level  Hunger
 Slow                     Hex            #####...     1%          2    None
 Fulminant Prism          Conj/Hex       #####.....   1%          4    None
 Iskenderun's Mystic Bla  Conj/Tloc      #####...     1%          4    None
 Summon Small Mammal      Summ           ###.         2%          1    None
 Animate Skeleton         Necr           N/A          3%          1    None
 Beastly Appendage        Tmut           ###...       3%          1    None
 Pain                     Necr           ###.         3%          1    None
 Call Imp                 Summ           ###.....     3%          2    None
 Spider Form              Tmut/Pois      ####......   3%          3    None
 Sticks to Snakes         Tmut           ###.....     5%          2    None
 Animate Dead             Necr           N/A          34%         4    None
 Ice Form                 Ice/Tmut       ###.....     34%         4    None
 Agony                    Necr           ###.....     67%         5    ###....
 Blade Hands              Tmut           ###.......   67%         5    ###....


Dungeon Overview and Level Annotations

Branches:
Dungeon (10/15)            Temple (1/1) D:4
   Lair: D:8-11         Orc: D:9-12

Altars:
Ashenzari
Cheibriados
Dithmenos
Elyvilon
Fedhas
Gozag
Hepliaklqana
Kikubaaqudgha
Makhleb
Nemelex Xobeh
Okawaru
Qazlal
Ru
Sif Muna
Trog
Uskayaw
Vehumet
Wu Jian
Xom
Yredelemnul
Zin
The Shining One

Shops:
D:5 :   D:6 }   D:9 }


Message History

The slime creature is lightly wounded.
The slime creature is engulfed in blazing flames.
The slime creature hits you.
Two slime creatures merge to form a large slime creature.
Casting: Magic Dart (safe; 1% risk of failure)
Confirm with . or Enter, or press ? or * to list all spells.
Aiming: Searing Ray (safe; 1% risk of failure)
Press: ? - help, Shift-Dir - straight line, f/p - large slime creature
Aim: a large slime creature (flame, lightly wounded)
The searing ray hits the large slime creature!
The large slime creature is moderately wounded. (Press . to maintain the ray.)
The searing ray hits the large slime creature!
The large slime creature is moderately wounded.
The searing ray hits the large slime creature!
The large slime creature is heavily wounded.
The large slime creature is engulfed in blazing flames.
The large slime creature hits you!!!
Ouch! That really hurt!
You die...

#######
##################.......
#..........##...@J.......
#.........>'..####J......
###### #..........####
.<..... ......
'.)........# .J.....
...... #..........#
.....(. ...)..
#..........# .......
...... #.........>#
.J..... ...JJ.
#.......(..# .......
..J... #..........#
#####.


You could see a large slime creature and a slime creature.

Vanquished Creatures
  An unseen horror (D:9)
  A hippogriff (D:8)
  A slime creature (D:9)
  A spriggan (D:7)
  2 hungry ghosts (D:10)
  6 yaks (D:9)
  2 sky beasts
  3 black bears
  2 ice beasts (D:6)
  4 orc warriors
  A necrophage (D:10)
  6 ogres
  6 phantoms
  4 centaurs
  A big kobold (D:7)
  3 bullfrogs
  A wyvern skeleton (D:10)
  A scorpion (D:9)
  4 howler monkeys
  4 crimson imps
  2 bullfrog zombies
  A centaur zombie (D:5)
  A quasit (D:6)
  6 hounds
  4 orc priests
  Crazy Yiuf (D:5)
  A centaur skeleton (D:8)
  3 iguanas
  8 orc wizards
  6 worker ants
  A hound zombie (D:8)
  A hound skeleton (D:5)
  A worker ant zombie (D:5)
  7 gnolls
  7 adders
  A howler monkey skeleton (D:8)
  3 shadow imps
  A worm (D:3)
  A dart slug (D:2)
  6 leopard geckos
  39 orcs
  A ball python (D:2)
  2 giant cockroaches
  8 goblins
  3 hobgoblins
  4 jackals
  11 kobolds
  4 quokkas
  5 bats
  4 frilled lizards (D:1)
  A leopard gecko skeleton (D:6)
  A leopard gecko zombie (D:5)
  A quokka skeleton (D:9)
  A quokka zombie (D:6)
  A rat (D:2)
202 creatures vanquished.

Vanquished Creatures (others)
  7 fungi (D:10)
  5 plants (D:10)
12 creatures vanquished.

Grand Total: 214 creatures vanquished

Notes
Turn   | Place    | Note
-------+----------+-------------------------------------------
     0 | D:1      | Esekla the Deep Elf Wizard began the quest for the Orb.
     0 | D:1      | Reached XP level 1. HP: 10/10 MP: 7/7
   697 | D:1      | Reached XP level 2. HP: 14/15 MP: 5/9
   712 | D:1      | Learned a level 2 spell: Blink
   801 | D:1      | Reached skill level 5 in Spellcasting
  1164 | D:2      | Reached XP level 3. HP: 19/19 MP: 8/11
  1197 | D:2      | Learned a level 3 spell: Mephitic Cloud
  1201 | D:2      | Learned a level 3 spell: Conjure Flame
  1281 | D:1      | Reached skill level 1 in Short Blades
  1720 | D:2      | Found a stormy altar of Qazlal.
  1784 | D:2      | Reached XP level 4. HP: 24/24 MP: 6/13
  2497 | D:3      | Reached skill level 6 in Spellcasting
  2858 | D:4      | Reached XP level 5. HP: 3/28 MP: 5/15
  3236 | D:4      | Found a staircase to the Ecumenical Temple.
  3247 | D:4      | Reached skill level 1 in Air Magic
  3306 | Temple   | Entered the Ecumenical Temple
  3660 | D:3      | Learned a level 3 spell: Dazzling Flash
  3663 | D:3      | Learned a level 2 spell: Searing Ray
  3776 | D:4      | Got a smoking granite ring
  3793 | D:4      | Lost strength.
  3793 | D:4      | Identified the ring "Maivyith" {rF+ MR+ Str-5 Int+4} (You
                  | found it on level 4 of the Dungeon)
  3846 | D:5      | Entered Level 5 of the Dungeon
  3901 | D:5      | Noticed an ogre
  3945 | D:5      | Killed an ogre
  3945 | D:5      | Reached skill level 7 in Spellcasting
  3945 | D:5      | Reached skill level 1 in Poison Magic
  3945 | D:5      | Reached XP level 6. HP: 32/32 MP: 13/18
  4152 | Temple   | Became a worshipper of Vehumet
  4415 | D:4      | Got a shimmering chain mail
  4759 | D:5      | Found Hesosm's Book Shop.
  4879 | D:5      | Found a runed translucent door.
  4880 | D:5      | Got an ancient mace
  4881 | D:5      | Noticed Crazy Yiuf
  4906 | D:5      | Killed Crazy Yiuf
  4906 | D:5      | Reached XP level 7. HP: 34/36 MP: 13/20
  4938 | D:5      | Identified the +8 mace "Kuxzawus" {vamp, *Corrode MR+
                  | Dex+8} (You found it on level 5 of the Dungeon)
  5312 | D:5      | Bought a book of Cantrips for 260 gold pieces
  5314 | D:5      | Learned a level 1 spell: Apportation
  5316 | D:5      | Learned a level 1 spell: Corona
  5364 | D:6      | Reached skill level 8 in Spellcasting
  5492 | D:6      | Found Borgh's Gadget Shop.
  5633 | D:6      | Reached skill level 1 in Hexes
  5634 | D:6      | Reached * piety under Vehumet
  5634 | D:6      | Offered knowledge of Foxfire by Vehumet.
  5952 | D:7      | Found an opulent altar of Gozag.
  6162 | D:6      | Reached skill level 1 in Fire Magic
  6371 | D:6      | Reached XP level 8. HP: 41/41 MP: 17/22
  6756 | D:6      | Reached skill level 1 in Armour
  6863 | D:6      | Reached skill level 9 in Spellcasting
  7859 | D:7      | Found a glowing silver altar of Zin.
  7859 | D:7      | Noticed an angel
  7914 | D:7      | Found a shimmering altar of Xom.
  7946 | D:7      | Reached XP level 9. HP: 36/45 MP: 21/24
  8052 | D:7      | Identified the cursed +0 chain mail "Ostao" {rPois Slay+3}
                  | (You found it on level 4 of the Dungeon)
  8466 | D:7      | Reached skill level 10 in Spellcasting
  8634 | D:8      | Reached ** piety under Vehumet
  8634 | D:8      | Reached skill level 5 in Dodging
  8644 | D:8      | Offered knowledge of Shock by Vehumet.
  9601 | D:9      | Noticed an unseen horror
  9606 | D:9      | Killed an unseen horror
  9606 | D:9      | Reached skill level 11 in Spellcasting
  9606 | D:9      | Reached skill level 5 in Poison Magic
  9839 | D:9      | Reached XP level 10. HP: 50/50 MP: 18/27
  9874 | D:9      | Offered knowledge of Static Discharge by Vehumet.
 10031 | D:9      | Reached *** piety under Vehumet
 10346 | D:9      | Found Weppuo's Gadget Boutique.
 10445 | D:9      | Found a white marble altar of Elyvilon.
 10445 | D:9      | Found a glowing golden altar of the Shining One.
 10446 | D:9      | Found an ancient bone altar of Kikubaaqudgha.
 10566 | D:10     | Entered Level 10 of the Dungeon
 10662 | D:10     | Noticed a deep elf mage
 10751 | D:10     | Offered knowledge of Hailstorm by Vehumet.
 10751 | D:10     | Reached skill level 12 in Spellcasting
 10757 | D:10     | Learned a level 3 spell: Vampiric Draining
 10762 | D:10     | Learned a level 4 spell: Hailstorm
 10777 | D:10     | Reached skill level 5 in Conjurations
 10781 | D:10     | Reached skill level 5 in Hexes
 10949 | D:10     | Slain by a large slime creature

Levels and vault maps discovered:
D:1:      scummos_arrival_hexagon, layout_loops_corners, hangedman_decor_push
D:2:      layout_rooms, marbit_many_paths
D:3:      layout_basic, grunt_ministairs_9
D:4:      layout_gridville, minmay_temple_entry_offerings
D:5:      layout_cave_pods, serial_shops, shop, first_ration,
          uniq_crazy_yiuf_cottage
D:6:      layout_layer_cave, serial_shops, shop
D:7:      layout_gridville, grunt_temple_overflow_order_and_chaos_1,
          basic_altar, the_bakery, minivault_10
D:8:      layout_loops_ring
D:9:      layout_rooms, gammafunk_temple_overflow_claw, serial_shops,
          nicolae_shop_crystal
D:10:     layout_roguey, grunt_lair_entry_orc_guard_hut, serial_shops, shop,
          nicolae_shop_statue_plus, kennysheep_mini, minmay_misc_feat_room
Temple:   eino_temple_rhombus

Skill      XL: |  1  2  3  4  5  6  7  8  9 10 |
---------------+-------------------------------+-----
Spellcasting   | 5 6 7 8 9 11 12 | 12.2
Short Blades   | 1 2 3 4 |  4.8
Stealth        | 3 |  3.6
Air Magic      | 1 2 3 4 |  4.8
Dodging        | 3 4 5 6 |  6.1
Conjurations   | 2 3 4 5 |  5.1
Translocations | 2 3 |  3.6
Poison Magic   | 1 2 3 5 |  5.9
Hexes          | 1 2 4 5 |  5.2
Fire Magic     | 1 2 3 4 |  4.5
Armour         | 1 2 |  2.0
Summonings     | |  1.1

Action                   |  1- 3 |  4- 6 |  7- 9 | 10-12 || total
-------------------------+-------+-------+-------+-------++-------
Melee: Dagger            |    24 |    70 |   117 |    50 ||   261
       Falchion          |       |     1 |       |       ||     1
Throw: Boomerang         |     6 |     5 |       |       ||    11
       Dart              |       |    20 |    14 |    27 ||    61
 Cast: Magic Dart        |    51 |    70 |   141 |    30 ||   292
       Mephitic Cloud    |     3 |    14 |    21 |    10 ||    48
       Conjure Flame     |     3 |     2 |     7 |     7 ||    19
       Blink             |     1 |     5 |    20 |     8 ||    34
       Searing Ray       |       |     5 |    35 |    26 ||    66
       Dazzling Flash    |       |       |     3 |     1 ||     4
       Corona            |       |       |     2 |       ||     2
       Apportation       |       |       |     1 |       ||     1
  Use: Scroll            |       |     4 |     7 |     4 ||    15
       Potion            |       |       |     2 |       ||     2
 Stab: Sleeping          |     2 |     3 |     5 |     1 ||    11
       Confused          |     1 |     5 |     7 |     4 ||    17
       Distracted        |       |       |     1 |       ||     1
  Eat: Chunk             |     2 |     3 |     8 |     3 ||    16
       Ration            |       |     2 |     2 |       ||     4
Armor: Robe              |     5 |     5 |    14 |    12 ||    36
       Leather armour    |       |       |     5 |       ||     5
Dodge: Dodged            |    20 |    42 |    79 |    43 ||   184

Table legend:
 A = Non-vault XP
 B = Vault XP
 C = Vault XP percentage of total XP
 D = Non-vault monster count
 E = Vault monster count
 F = Vault count percentage of total count
                 A         B        C        D         E       F
            +---------+---------+-------+---------+---------+-------
      Total |    8968 |     282 |   3.0 |     197 |       5 |   2.5
            +---------+---------+-------+---------+---------+-------
        D:1 |      37 |       0 |   0.0 |      16 |       0 |   0.0
        D:2 |      70 |       2 |   2.8 |      16 |       1 |   5.9
        D:3 |      23 |      17 |  42.5 |       9 |       2 |  18.2
        D:4 |     237 |       0 |   0.0 |      13 |       0 |   0.0
        D:5 |     468 |      39 |   7.7 |      19 |       1 |   5.0
        D:6 |    1384 |       0 |   0.0 |      28 |       0 |   0.0
        D:7 |     791 |     224 |  22.1 |      24 |       1 |   4.0
        D:8 |    1145 |       0 |   0.0 |      21 |       0 |   0.0
        D:9 |    3369 |       0 |   0.0 |      33 |       0 |   0.0
       D:10 |    1444 |       0 |   0.0 |      18 |       0 |   0.0
            +---------+---------+-------+---------+---------+-------
